Map: Galactic Process LE

Players

oliM

  • Race: Protoss Protoss
  • League: Master

Unix - Winner!

  • Race: Terran Terran
  • League: Master

VOD

Have the link to the VOD?

Description

Time

  • Played on: Aug. 16, 2016, 1:01 a.m.
  • Length: 6:39
Show
View Real Time Build Order
Export as new Build Order

oliM Protoss 

Build Orders: 1 Gate Expand 

Get SALT Encoding   

  12  0:01  Probe (Chrono Boost)  
  13  0:11  Probe (Chrono Boost)  
  14  0:17  Pylon  
  14  0:22  Probe (Chrono Boost)  
  15  0:36  Probe (Chrono Boost)  
  15  0:37  Gateway  
  16  0:46  Probe (Chrono Boost)  
  16  0:49  Assimilator  
  18  0:57  Probe (Chrono Boost)  
  18  1:07  Probe (Chrono Boost)  
  19  1:20  Nexus  
  19  1:31  Cybernetics Core  
  20  1:33  Probe (Chrono Boost)  
  20  1:39  Assimilator  
  20  1:43  Probe (Chrono Boost)  
  21  1:49  Pylon  
  21  1:54  Probe (Chrono Boost)  
  22  2:01  Warp Gate  
  22  2:05  Adept  
  22  2:07  Probe (Chrono Boost)  
  24  2:23  Robotics Facility  
  24  2:27  Probe (Chrono Boost)  
  25  2:38  Probe (Chrono Boost)  
  25  2:42  Probe (Chrono Boost)  
  27  2:49  Mothership Core (Chrono Boost)  
  29  2:53  Probe (Chrono Boost)  
  29  2:55  Gateway  
  30  3:01  Gateway  
  31  3:06  Probe (Chrono Boost)  
  31  3:12  Observer  
  31  3:15  Probe (Chrono Boost)  
  34  3:21  Probe (Chrono Boost)  
  34  3:22  Pylon  
  35  3:27  Probe (Chrono Boost)  
  35  3:31  Observer  
  35  3:33  Probe (Chrono Boost)  
  37  3:40  Probe (Chrono Boost)  
  38  3:45  Probe (Chrono Boost)  
  37  3:52  Probe (Chrono Boost)  
  39  3:56  Immortal, Twilight Council  
  39  3:57  Probe (Chrono Boost)  
  44  4:02  Probe (Chrono Boost)  
  44  4:07  Stalker  
  44  4:09  Probe (Chrono Boost)  
  47  4:12  Stalker  
  47  4:13  Probe (Chrono Boost)  
  47  4:14  Stalker  
  52  4:21  Probe (Chrono Boost)  
  52  4:23  Probe (Chrono Boost)  
  54  4:27  Gateway  
  54  4:28  Pylon  
  54  4:36  Pylon  
  54  4:47  Pylon x2  
  54  4:49  Immortal  
  54  4:54  Pylon  
  54  4:55  Adept x2  
  62  5:04  Pylon  
  62  5:05  Pylon  
  62  5:09  Adept  
  62  5:12  Pylon  
  64  5:20  Adept x2  
  68  5:29  Gateway  
  68  5:31  Stalker  
  68  5:32  Stalker  
  61  5:44  Stalker  
  61  5:45  Stalker  
  39  5:51  Immortal  
  39  5:57  Probe (Chrono Boost)  
  44  6:00  Stalker  
  44  6:03  Stalker  
  46  6:16  Adept x2  
  46  6:26  Stalker x2  
Show
View Real Time Build Order
Export as new Build Order

Unix Terran - Winner!

Build Orders: Liberator Opening 

Get SALT Encoding   

  12  0:00  SCV  
  13  0:13  SCV  
  14  0:17  Supply Depot  
  14  0:25  SCV  
  15  0:31  Refinery  
  15  0:39  SCV  
  16  0:45  Barracks  
  16  0:51  SCV  
  17  1:03  SCV  
  18  1:08  Supply Depot  
  18  1:15  SCV  
  19  1:27  SCV  
  20  1:35  Marine  
  21  1:43  Orbital Command  
  21  1:47  Refinery  
  21  1:51  Factory  
  21  2:00  Marine  
  22  2:23  Barracks Reactor  
  22  2:26  Engineering Bay  
  22  2:31  Supply Depot  
  22  2:37  Widow Mine  
  22  2:38  Barracks  
  22  2:40  Starport  
  24  2:55  Missile Turret  
  24  2:59  Marine  
  24  3:00  Marine  
  26  3:06  Factory Tech Lab  
  26  3:17  Marine x2  
  26  3:18  Medivac  
  30  3:25  Siege Tank, Marine  
  34  3:31  Liberator, Supply Depot  
  34  3:36  Marine  
  34  3:37  Marine  
  36  3:54  Marine  
  36  3:55  Marine  
  39  4:04  Cyclone  
  43  4:10  Bunker  
  43  4:13  Marine  
  43  4:15  Liberator  
  44  4:20  Supply Depot  
  47  4:41  Marine  
  48  4:48  Bunker  
  48  4:52  Cyclone, Marine  
  52  4:55  Marine  
  53  5:08  Marine  
  53  5:10  Marine  
  53  5:13  Supply Depot  
  55  5:17  Liberator  
  55  5:27  Marine  
  54  5:35  Siege Tank  
  48  5:50  Marine x2  
  48  5:51  Bunker  
  48  6:00  Marine  
  49  6:08  Marine  
  49  6:18  Marine  
Tags
 
Add a new tag
Caveats
  • Supply blocks, unpowered buildings, or Contaminate may cause inaccurate times.
  • Supply counts are checked every 10 seconds.